 Dungeon Crawl Stone Soup version 0.29-b1-12-g9e2288ab2a (webtiles) character file.

Game seed: 12216074713868096038

45 Zeldest the Insei (level 3, 0/24 HPs)
             Began as an Octopode Transmuter on Aug 23, 2022.
             Slain by a worm (4 damage)
             ... on level 2 of the Dungeon.
             The game lasted 00:02:08 (309 turns).

Zeldest the Insei (Octopode Transmuter)              Turns: 309, Time: 00:02:09

Health: 0/24       AC:  1    Str:  9    XL:     3   Next: 64%
Magic:  1/6        EV: 13    Int: 17    God:
Gold:   13         SH:  0    Dex: 12    Spells: 3/6 levels left

rFire   . . .      SeeInvis .     - Unarmed
rCold   . . .      Faith    +   (no shield)
rNeg    . . .      Spirit   .   (helmet currently unavailable)
rPois   .          Reflect  .   g - amulet of faith
rElec   .          Harm     .   (no ring)
rCorr   .          Rampage  .   (no ring)
Will    .....                   (no ring)
Stlth   ++........              (no ring)
HPRegen 0.08/turn               (no ring)
MPRegen 0.10/turn               (no ring)
                                (no ring)
                                (no ring)

@: appendages (expiring), wereblooded, very slightly contaminated
A: tentacle spike 3, almost no armour, amphibious, 8 rings, camouflage 1,
gelatinous body 1, (nimble swimmer 1), tentacles
a: End Transformation


You were on level 2 of the Dungeon.
One of your tentacles had grown a beastly spike.
You visited 1 branch of the dungeon, and saw 2 of its levels.

You collected 13 gold pieces.

Inventory:

Missiles
 f - 6 datura-tipped darts
Jewellery
 g - an amulet of faith (around mantle)
Scrolls
 b - 2 scrolls of butterflies {unknown}
 c - a scroll of enchant armour {unknown}
 e - a scroll of identify {unknown}
Potions
 a - a potion of lignification
 d - a potion of resistance {unknown}


   Skills:
 + Level 2.0 Fighting
 - Level 2.0 Dodging
 + Level 3.5 Unarmed Combat
 - Level 2.0 Spellcasting
 + Level 2.7 Transmutations
 + Level 0.1 Ice Magic


You had 3 spell levels left.
You knew the following spells:

 Your Spells              Type           Power      Damage    Failure   Level
a - Beastly Appendage     Tmut           22%        N/A       6%          1
b - Wereblood             Tmut           11%        N/A       10%         2

Your spell library contained the following spells:

 Spells                   Type           Power      Damage    Failure   Level
 Magic Dart               Conj           4%         1d3       19%         1
 Call Imp                 Summ           1%         N/A       28%         2
 Spider Form              Tmut/Pois      6%         N/A       32%         3
 Mephitic Cloud           Conj/Pois/Air  1%         N/A       50%         3
 Ice Form                 Ice/Tmut       6%         N/A       71%         4


Dungeon Overview and Level Annotations

Branches:
Dungeon (2/15)

Altars:


Innate Abilities, Weirdness & Mutations

One of your tentacles has grown a beastly spike.
You cannot wear most types of armour.
You are amphibious.
You can wear up to eight rings at the same time.
Your skin changes colour to match your surroundings (Stealth+).
Your rubbery body absorbs attacks. (AC +1, EV +1)
((You are camouflaged when in or above water. (Stealth+)))
You have tentacles for arms and can constrict up to eight enemies at once.


Message History

You grab the dart slug. You squeeze the dart slug.
The dart slug is moderately wounded.
You constrict the dart slug. The dart slug closely misses you.
You tentacle-slap the dart slug.
You kill the dart slug!
You see here a dart slug corpse.
Magic restored.
A rat comes into view.
A rat is nearby!
A worm comes into view.
The rat bites you.
You tentacle-slap the rat. You grab the rat.
The rat is heavily wounded.
You constrict the rat.
You kill the rat!
Casting: Wereblood (safe; 10% risk of failure)
Confirm with . or Enter, or press ? or * to list all spells.
One of your tentacles grows a vicious spike.
Casting: Beastly Appendage (safe; 6% risk of failure)
Confirm with . or Enter, or press ? or * to list all spells.
You miscast Wereblood.
You are very lightly contaminated with residual magic.
Nothing appears to happen.
Casting: Wereblood (safe; 10% risk of failure)
Confirm with . or Enter, or press ? or * to list all spells.
Your blood is infused with primal strength.
You aren't carrying any items that you can evoke.
Unknown command.
Your transformation is almost over.
You tentacle-slap the worm but do no damage.
You grab the worm. You constrict the worm. You tentacle-slap the worm. x2
The worm is moderately wounded.
You constrict the worm. The worm bites you!
* * * LOW HITPOINT WARNING * * *
You tentacle-slap the worm.
You pierce the worm.
You squeeze the worm, but do no damage.
The worm is severely wounded.
You constrict the worm. The worm bites you.
You die...

### #.#
#########
...
........###
#.# #.....
#.# #..###
#w# #....#
#@# #.##.#
#.# #. #.#
#.# #. #.#
#.# #. #.#
###.# ..
#.# #...#
.# ## #)#
#.### .#
#.# #.# .#
#)# #.# .#
##†#


You could see a worm.

Vanquished Creatures
  An adder (D:2)
  A worm (D:2)
  3 dart slugs
  3 endoplasms
  6 goblins
  2 hobgoblins (D:1)
  2 jackals (D:2)
  A quokka (D:2)
  2 ball pythons
  A bat (D:2)
  A frilled lizard (D:1)
  3 rats (D:2)
26 creatures vanquished.

Vanquished Creatures (others)
  3 plants (D:2)
3 creatures vanquished.

Grand Total: 29 creatures vanquished

Notes
Turn   | Place    | Note
-------+----------+-------------------------------------------
     0 | D:1      | Zeldest the Octopode Transmuter began the quest for the
                  | Orb.
     0 | D:1      | Reached XP level 1. HP: 13/13 MP: 3/3
    24 | D:2      | Reached XP level 2. HP: 5/18 MP: 3/5
    31 | D:2      | Learned a level 2 spell: Wereblood
   202 | D:1      | Reached XP level 3. HP: 24/24 MP: 2/6
   203 | D:1      | Found a faded altar of an unknown god.
   309 | D:2      | Slain by a worm

Illustrated notes

Levels and vault maps discovered:
D:1:      co_arrival_two_rings, layout_basic,
          chequers_ecumenical_altar_simple_redux
D:2:      layout_loops_ring, serial_bayou_pond_b

Skill      XL: |  1  2  3 |
---------------+----------+-----
Fighting       | 2 |  2.0
Dodging        | |  2.0
Unarmed Combat | |  3.5
Spellcasting   | |  2.0
Transmutations | |  2.7
Ice Magic      | |  0.1

Action                   || total
-------------------------++-------
Melee: Unarmed           ||    50
       Constrict         ||    20
       Tentacles         ||    12
       Kick              ||    12
       Punch             ||     3
 Cast: Beastly Appendage ||     8
       Wereblood         ||     5
 Stab: Sleeping          ||     1
Dodge: Dodged            ||    18
